 Dungeon Crawl Stone Soup version 0.23-a0-26-g9187234747 (webtiles) character file.

10602 Htamos the Grappler (level 11, -14/115 HPs)
             Began as a Troll Berserker on Aug 3, 2018.
             Was a High Priest of Trog.
             Demolished by an orc warrior
             ... wielding a +0 glaive
              (26 damage)
             ... on level 11 of the Dungeon.
             The game lasted 00:19:37 (9072 turns).

Htamos the Grappler (Troll Berserker)               Turns: 9072, Time: 00:19:37

Health: -14/115    AC:  9    Str: 30    XL:     11   Next: 38%
Magic:  0/10       EV: 11    Int:  3    God:    Trog [*****.]
Gold:   611        SH:  0    Dex: 19    Spells: 10/10 levels left

rFire    . . .     SeeInvis .     - Unarmed
rCold    . . .     Gourm    +   (no shield)
rNeg     . . .     Faith    .   x - +1 animal skin
rPois    .         Spirit   +   (helmet restricted)
rElec    .         Reflect  .   G - scarf {Spirit}
rCorr    .         Harm     .   (gloves unavailable)
MR       +++..                  (boots unavailable)
Stlth    ++........             C - amulet "Sieduomm" {Gourm Dex+10}
HPRegen  1.69/turn              r - +3 ring of protection (curse)
MPRegen  0.12/turn              y - ring of protection from magic

@: berserk cooldown, regenerating, slowed, very slow
A: large, unfitting armour, claws 3, fast metabolism 3, gourmand, regeneration
1, shaggy fur 1, tough skin 2
a: Berserk, Trog's Hand, Brothers in Arms, Renounce Religion


You were on level 11 of the Dungeon.
You worshipped Trog.
Trog was extremely pleased with you.
You were full.

You visited 2 branches of the dungeon, and saw 12 of its levels.
You also visited: Bailey.

You collected 611 gold pieces.

Inventory:

Hand Weapons
 D - a +3 antimagic halberd
Missiles
 K - 32 tomahawks of returning (quivered)
Armour
 a - a +0 animal skin
 x - a +1 animal skin (worn)
 G - a scarf of spirit shield (worn)
Magical Staves
 J - an uncursed staff of conjuration {unknown}
Jewellery
 q - an uncursed ring of resist corrosion
 r - a cursed +3 ring of protection (left claw)
 y - a ring of protection from magic (right claw)
 C - the amulet "Sieduomm" (around neck) {Gourm Dex+10}
   (You found it on level 6 of the Dungeon)

   [amulet of the gourmand]

   It allows you to eat raw meat even when not hungry.
   It affects your dexterity (+10).
Wands
 h - a wand of paralysis (10)
 j - a wand of enslavement (11)
 p - a wand of disintegration (8)
 M - a wand of digging (16)
 O - a wand of random effects (26)
Scrolls
 c - 3 scrolls of remove curse
 m - 4 scrolls of enchant weapon {unknown}
 u - 3 scrolls of amnesia {unknown}
 v - a scroll of enchant armour
 w - a scroll of fog
 A - 2 scrolls of magic mapping
 B - 2 scrolls of immolation {unknown}
 E - a scroll of noise {unknown}
 F - a scroll of fear {unknown}
 H - 2 scrolls of teleportation
 I - 2 scrolls of acquirement {unknown}
 L - a scroll of blinking {unknown}
 N - a scroll of vulnerability {unknown}
Potions
 d - a potion of curing
 e - a potion of agility
 f - 2 potions of mutation
 i - 3 potions of resistance
 k - 4 potions of ambrosia
 l - 2 potions of degeneration
 n - 2 potions of invisibility
 o - 4 potions of haste
 s - 2 potions of magic
 t - a potion of brilliance
 z - a potion of heal wounds
Miscellaneous
 g - a phantom mirror
Comestibles
 b - 19 rations


   Skills:
 + Level 9.1 Fighting
 + Level 3.0 Dodging
 * Level 14.3 Unarmed Combat


You had 10 spell levels left.
You didn't know any spells.
Your spell library was empty.

Dungeon Overview and Level Annotations

Branches:
Dungeon (11/15)            Temple (1/1) D:7            Lair (0/6) D:10
    Orc: D:9-12

Altars:
Ashenzari
Fedhas
Trog
Xom
Yredelemnul
Zin
Beogh


Innate Abilities, Weirdness & Mutations

You are too large for most types of armour.
You have claws for hands.
Your metabolism is lightning-fast.
You like to eat raw meat.
Your natural rate of healing is unusually fast.
You are covered in fur. (AC +1)
You have very tough skin. (AC +2)


Message History

You kill the orc!
Trog accepts your kill.
The orc warrior hits you from afar with a trident!!
* * * LOW HITPOINT WARNING * * *
The orc priest begins to cast a cantrip, but forgets the words!
You barely miss the orc warrior.
You are no longer berserk.
You are exhausted.
You feel yourself slow down.
Your skin crawls.
You feel resistant to hostile enchantments.
You feel somewhat less full. The orc warrior barely misses you.
The orc closely misses you.
The orc warrior hits you from afar with a trident!
* * * LOW HITPOINT WARNING * * *
The orc warrior hits you with a dire flail!!
* * * LOW MAGIC WARNING * * *;
* * * LOW HITPOINT WARNING * * *
The orc warrior hits you with a glaive!!
* * * LOW MAGIC WARNING * * *
You die... ,,,,,,,,* **,* ,,,,,,,,* *,* ,,,,,,,,* *######### ,,,,,,,,* #.......# ,,,,,,,,* #.......# ,,,,,,,,* #$oooo..# ,,,,,,,,* #oooooo.# *****,*** #oooooo.#

*,* *#@#***** *,**
#.# *,,* ######'####
*#.#**#.........#
#.#*.+.........#
######.##.#.........#
#.......#.#.........#
#.......#.#.........#
........#.#.........#


You could see 5 orc warriors, an orc priest and 10 orcs.

Vanquished Creatures
  An orc warlord (Bailey)
  A two-headed ogre (D:8)
  An orc knight (D:11)
  An ugly thing (D:11)
  A manticore (D:10)
  An oklob plant (D:10)
  A troll (D:8)
  5 hippogriffs
  A wyvern (D:8)
  A spriggan (D:8)
  7 orc warriors
  A sky beast (D:8)
  3 ice beasts
  2 phantoms
  A necrophage (D:9)
  2 black bears
  An eye of draining (D:8)
  3 centaurs
  4 ogres
  A big kobold (D:9)
  4 bullfrogs
  A water moccasin zombie (D:6)
  4 scorpions
  14 killer bees
  2 wights (D:7)
  4 howler monkeys
  12 crimson imps
  A centaur zombie (D:8)
  A quasit (D:10)
  3 bullfrog zombies
  4 orc priests
  7 hounds
  8 jellies
  A centaur skeleton (D:4)
  3 bullfrog skeletons
  6 orc wizards
  4 iguanas
  5 worker ants
  A killer bee zombie (D:9)
  2 hound zombies
  Robin (D:3)
  9 gnolls
  11 adders
  5 shadow imps
  A white imp (D:9)
  15 oozes
  2 worms
  A dart slug (D:1)
  11 leopard geckos
  34 orcs
  4 ball pythons
  A bat skeleton (D:2)
  3 giant cockroaches
  17 goblins
  14 hobgoblins
  11 jackals
  22 kobolds
  2 quokkas
  A ball python skeleton (D:4)
  8 bats
  A frilled lizard (D:3)
  A giant cockroach zombie (D:6)
  A leopard gecko skeleton (D:5)
  A quokka zombie (D:7)
  7 rats
310 creatures vanquished.

Vanquished Creatures (collateral kills)
  A sky beast (D:10)
  2 wights (D:7)
3 creatures vanquished.

Vanquished Creatures (others)
  7 fungi (D:10)
7 creatures vanquished.

Grand Total: 320 creatures vanquished

Notes
Turn   | Place    | Note
-------+----------+-------------------------------------------
     0 | D:1      | Htamos the Troll Berserker began the quest for the Orb.
     0 | D:1      | Reached XP level 1. HP: 22/22 MP: 0/0
   121 | D:1      | Reached XP level 2. HP: 29/29 MP: 1/1
   530 | D:2      | Reached XP level 3. HP: 23/36 MP: 2/2
   574 | D:2      | Reached skill level 4 in Unarmed Combat
   625 | D:2      | Reached ** piety under Trog
   774 | D:2      | Reached XP level 4. HP: 45/45 MP: 3/3
  1351 | D:3      | Noticed Robin
  1552 | D:3      | Killed Robin
  1816 | D:3      | Reached *** piety under Trog
  1816 | D:3      | Reached skill level 5 in Unarmed Combat
  1848 | D:3      | Reached XP level 5. HP: 53/53 MP: 4/4
  2404 | D:4      | Reached XP level 6. HP: 58/62 MP: 5/5
  2459 | D:4      | Reached skill level 6 in Unarmed Combat
  2779 | D:5      | Entered Level 5 of the Dungeon
  2971 | D:5      | Noticed an ice beast
  2973 | D:5      | Found a shimmering altar of Xom.
  2984 | D:5      | Killed an ice beast
  2984 | D:5      | Reached skill level 7 in Unarmed Combat
  2984 | D:5      | Reached XP level 7. HP: 57/71 MP: 6/6
  3209 | D:5      | Found a bloodstained altar of Trog.
  3397 | D:6      | Reached **** piety under Trog
  3434 | D:6      | Reached skill level 8 in Unarmed Combat
  3453 | D:6      | You fall through a shaft!
  3454 | D:7      | Reached skill level 5 in Fighting
  3504 | D:6      | Got a scintillating sapphire amulet
  3505 | D:6      | Identified the amulet "Sieduomm" {Gourm Dex+10} (You found it on level 6 of the Dungeon)
  3561 | D:6      | Reached XP level 8. HP: 78/80 MP: 7/7
  4109 | D:7      | Reached skill level 9 in Unarmed Combat
  4290 | D:7      | Found a shattered altar of Ashenzari.
  4348 | D:7      | Found a staircase to the Ecumenical Temple.
  4369 | D:7      | Reached skill level 10 in Unarmed Combat
  4379 | Temple   | Entered the Ecumenical Temple
  4462 | D:7      | Reached XP level 9. HP: 69/89 MP: 8/8
  5230 | D:8      | Reached skill level 11 in Unarmed Combat
  5308 | D:8      | Found a bloodstained altar of Trog.
  5404 | D:8      | Reached ***** piety under Trog
  6073 | D:9      | Reached XP level 10. HP: 99/102 MP: 9/9
  6102 | D:9      | Reached skill level 12 in Unarmed Combat
  6332 | D:9      | Noticed a two-headed ogre
  6423 | D:8      | Killed a two-headed ogre
  6537 | D:9      | Got a steaming long sword
  6538 | D:9      | Identified the +8 long sword "Sag Qey" {freeze, rC+} (You found it on level 9 of the Dungeon)
  6964 | D:10     | Entered Level 10 of the Dungeon
  7081 | D:10     | Found a staircase to the Lair.
  7127 | D:10     | Noticed a manticore
  7137 | D:10     | Killed a manticore
  7137 | D:10     | Reached skill level 13 in Unarmed Combat
  7275 | D:10     | Noticed an oklob plant
  7469 | D:10     | Killed an oklob plant
  7690 | D:10     | Found a blossoming altar of Fedhas.
  8125 | D:11     | Found a flagged portal.
  8132 | Bailey   | Entered a bailey
  8137 | Bailey   | Noticed an orc warlord
  8206 | Bailey   | Found a runed gate.
  8208 | Bailey   | Found a runed gate.
  8210 | Bailey   | Found a runed gate.
  8275 | Bailey   | Killed an orc warlord
  8275 | Bailey   | Reached XP level 11. HP: 91/113 MP: 6/10
  8623 | D:11     | Noticed a purple ugly thing
  8633 | D:11     | Killed a purple ugly thing
  8633 | D:11     | Reached skill level 14 in Unarmed Combat
  8874 | D:11     | Received a gift from Trog
  9043 | D:11     | Found a roughly hewn altar of Beogh.
  9043 | D:11     | Noticed an orc knight
  9056 | D:11     | Killed an orc knight
  9072 | D:11     | Demolished by an orc warrior

Vault maps used:
D:1:      ebering_hopf_link
D:2:      amethyst_killhole, minmay_domino_4
D:3:      hangedman_decor_push, uniq_robin
D:4:      first_ration
D:5:      lightli_temple_of_fire, basic_altar
D:7:      minmay_temple_entry_large_hall, cheibrodos_ashenzari_chains
D:8:      basic_altar, the_bakery
D:9:      minmay_nine_imps
D:10:     lemuel_slime, lair_entry_dummy, basic_altar
D:11:     enter_bailey_2, special_room
Temple:   grunt_wide_crystal_templ
Bailey:   bailey_axe_bossmonster_kennysheep, bailey

Skill      XL: |  1  2  3  4  5  6  7  8  9 10 11 |
---------------+----------------------------------+-----
Unarmed Combat | 4 5 7 8 10 11 13 14 | 14.3
Fighting       | 3 4 5 6 7 8 9 |  9.1
Dodging        | 3 |  3.0

Action                   |  1- 3 |  4- 6 |  7- 9 | 10-12 || total
-------------------------+-------+-------+-------+-------++-------
Melee: Unarmed           |    97 |   154 |   244 |   252 ||   747
       Punch             |     2 |     4 |    13 |    21 ||    40
Invok: Berserk           |       |       |     1 |     2 ||     3
       Brothers in Arms  |       |       |     1 |     1 ||     2
       Trog's Hand       |       |       |       |     1 ||     1
Evoke: Wand              |       |     1 |     3 |    19 ||    23
  Use: Scroll            |       |     1 |     2 |    12 ||    15
       Potion            |       |       |     6 |     3 ||     9
 Stab: Sleeping          |       |     1 |     5 |     2 ||     8
       Paralysed         |       |       |       |     5 ||     5
  Eat: Chunk             |    13 |    20 |    28 |    28 ||    89
Armor: Animal skin       |    62 |    39 |   114 |    83 ||   298
       Skin              |       |       |    26 |    54 ||    80
Dodge: Dodged            |    78 |    69 |   145 |   137 ||   429

Table legend:
 A = Spawn XP
 B = Non-spawn XP
 C = Spawn XP percentage of total XP
 D = Spawn monster count
 E = Non-spawn monster count
 F = Spawn count percentage of total count
 G = Total turns spent on level
                    A         B        C        D         E        F      G
               +---------+---------+-------+---------+---------+-------+---------
         Total |       0 |   15146 |   0.0 |       0 |     313 |   0.0 |  9072
               +---------+---------+-------+---------+---------+-------+---------
           D:1 |       0 |      27 |   0.0 |       0 |      12 |   0.0 |   442
           D:2 |       0 |      99 |   0.0 |       0 |      34 |   0.0 |   811
           D:3 |       0 |      70 |   0.0 |       0 |      27 |   0.0 |   650
           D:4 |       0 |     250 |   0.0 |       0 |      16 |   0.0 |   876
           D:5 |       0 |     501 |   0.0 |       0 |      15 |   0.0 |   520
           D:6 |       0 |     899 |   0.0 |       0 |      25 |   0.0 |   770
           D:7 |       0 |    1918 |   0.0 |       0 |      36 |   0.0 |  1032
           D:8 |       0 |    2888 |   0.0 |       0 |      35 |   0.0 |  1055
           D:9 |       0 |    1222 |   0.0 |       0 |      24 |   0.0 |   730
          D:10 |       0 |    2204 |   0.0 |       0 |      32 |   0.0 |  1152
          D:11 |       0 |    3082 |   0.0 |       0 |      30 |   0.0 |   638
        Bailey |       0 |    1986 |   0.0 |       0 |      27 |   0.0 |   318
               +---------+---------+-------+---------+---------+-------+---------
